AoeStats
← Dracarys

Nomad

510223497Analyzed
3v3 RM · 10h ago on Sep 30, 2026· 43m 35s· 6 players
Game mode
Random Map
Map size
210×210
Population
200
Speed
Normal
Resources
Standard
Victory
Conquest
Starting age
Dark Age
Ending age
Imperial Age
RankedLock teamsTeams togetherTeam positionsShared explorationLock speedFull tech treeHidden civsTurbo modeCheats
Victory
Defeat
🇵🇪 Italians · Peru
1371
+17
🇨🇴 Magyars · Colombia
1321
+19
🇦🇷 Vietnamese · Argentina
1263
+21
🇺🇸 Bengalis · United States
1430
-20
🇦🇷 Portuguese · Argentina
1379
-19
🇦🇷 Spanish · Argentina
1349
-18
Dracarys
4:47 Loom
13:22 Feudal Age
20:16 Castle Age
29:55 Fletching
Bass
10:03 Loom
12:13 Feudal Age
14:37 Double-Bit Axe
16:28 Horse Collar
22:23 Castle Age
23:03 Town Watch
23:30 Bow Saw
23:24 Heavy Plow
23:39 Medium Warships
24:10 Wheelbarrow
27:32 Gold Mining
36:57 Imperial Age
36:28 Stone Mining
37:47 Stone Shaft Mining
37:42 Capped Ram
39:14 Fletching
41:19 Scale Barding Armor
41:49 Bloodlines
41:00 Light Cavalry
42:30 Conscription
42:56 Husbandry
43:19 Chain Barding Armor
Lanzarote
4:23 Loom
15:44 Feudal Age
20:08 Castle Age
18:08 Double-Bit Axe
18:17 Gold Mining
19:41 Padded Archer Armor
22:17 Bow Saw
24:00 Wheelbarrow
23:50 Leather Archer Armor
26:11 Stone Mining
27:44 Hand Cart
31:29 Imperial Age
30:43 Horse Collar
34:02 Chemistry
37:09 Masonry
38:33 Scale Barding Armor
38:38 Forging
39:41 Bloodlines
39:33 Husbandry
40:20 Cavalier
41:57 Chain Barding Armor
41:48 Forging
JAGR | HIPERYON
9:26 Loom
14:42 Feudal Age
15:54 Town Watch
18:36 Castle Age
18:21 Fletching
19:22 Bodkin Arrow
20:34 Corvinian Army
33:17 Double-Bit Axe
33:36 Horse Collar
34:31 Scale Barding Armor
35:01 Bow Saw
JAGR fran
13:48 Feudal Age
14:13 Fishing Lines
14:41 Double-Bit Axe
17:15 Loom
20:02 Castle Age
21:06 Bow Saw
21:39 Wheelbarrow
21:44 Gillnets
24:44 Town Watch
27:48 Hand Cart
31:44 Imperial Age
29:37 Fletching
29:47 Padded Archer Armor
31:57 Thumb Ring
32:11 Bodkin Arrow
32:36 Devotion
33:40 Chemistry
34:16 Leather Archer Armor
34:02 Bracer
34:24 Ballistics
34:12 Elite Skirmisher
35:34 Ring Archer Armor
36:14 Imperial Skirmisher
36:59 Stone Mining
37:01 Gold Mining
39:33 Stone Shaft Mining
39:31 Murder Holes
39:41 Siege Engineers
39:35 Elite Rattan Archer
40:51 Hoardings
42:12 Forging
42:08 Scale Barding Armor
44:10 Chatras
JAGR | Rojnar
8:13 Loom
11:38 Feudal Age
12:12 Double-Bit Axe
14:30 Fletching
24:19 Castle Age
22:46 Gold Mining
25:11 Medium Warships
28:46 Clinker Construction
28:49 Bodkin Arrow
29:42 Careening
30:45 Town Watch
34:49 Bow Saw
34:41 Fishing Lines
40:55 Imperial Age
39:05 Gillnets
40:21 Wheelbarrow
40:17 Ballistics
40:34 Padded Archer Armor
40:32 Crossbowman
41:56 Bracer
Connection lost

Rejoining the realm…

Still unreachable

The connection could not be restored.

Session expired

The server has moved on; the page needs a fresh start.